 Dungeon Crawl Stone Soup version 0.21-a0-331-gfb491b4 (webtiles) character file.

477203 4thArraOfDagon the Fencer (level 24, -9/206 HPs)
             Began as a Gnoll Wanderer on Oct 2, 2017.
             Was the Champion of the Shining One.
             Mangled by an emperor scorpion (13 damage)
             ... summoned by a greater mummy
             ... on level 3 of the Tomb of the Ancients on Oct 3, 2017.
             The game lasted 02:38:10 (27883 turns).

4thArraOfDagon the Fencer (Gnoll Wanderer)         Turns: 27883, Time: 02:38:11

Health: -9/206     AC: 35    Str: 15      XL:     24   Next: 47%
Magic:  23/38      EV: 20    Int: 25 (26) God:    the Shining One [******]
Gold:   2630       SH: 11    Dex: 15      Spells: 17/53 levels left

rFire    . . .     SeeInvis .   s - +9 trishula (holy)
rCold    + . .     Gourm    .   W - +3 buckler {rC+}
rNeg     + + +     Faith    .   v - +8 chain mail of the Hills {+Fly rPois MR+ Slay+3}
rPois    +         Spirit   .   G - +2 hat {MR+}
rElec    .         Reflect  .   Y - scarf {repulsion}
rCorr    .         Harm     .   Q - +1 pair of gloves "Ympo" {Regen+}
MR       +++..                  x - +2 pair of boots {run}
Stlth    ++........             X - amulet of Vitality {Regen+ HP+15}
HPRegen  1.24/turn              T - +5 ring of protection
MPRegen  0.26/turn              w - +4 ring of evasion

@: lethally poisoned (-9 -> -9), slowed, glowing, studying 4 skills, repel
missiles, very slow
A: distributed training, fangs 1, blurry vision 1, low mp 1, mutation resistance
1, poison resistance, sturdy frame 1, strong nose
}: 3/15 runes: decaying, serpentine, slimy
a: Divine Shield, Cleansing Flame, Summon Divine Warrior, Renounce Religion,
Evoke Flight


You were on level 3 of the Tomb of the Ancients.
You worshipped the Shining One.
The Shining One was exalted by your worship.
You were hungry.

You visited 10 branches of the dungeon, and saw 47 of its levels.
You visited the Abyss 1 time.
You also visited: Bailey, Ice Cave and Wizlab.

You collected 5506 gold pieces.
You spent 2876 gold pieces at shops.

Inventory:

Hand Weapons
 s - a +9 trishula of holy wrath (weapon)
Missiles
 u - a throwing net (quivered)
Armour
 a - the +2 helmet of the Dungeon {rC++ Str-5}
   (You acquired it on level 3 of the Crypt)

   It affects your strength (-5).
   It greatly protects you from cold.
 v - the +8 chain mail of the Hills (worn) {+Fly rPois MR+ Slay+3}
   (You bought it in a shop on level 7 of the Dungeon)

   It affects your accuracy and damage with ranged weapons and melee attacks
   (+3).
   It protects you from poison.
   It affects your resistance to hostile enchantments.
   It lets you fly.
 x - a +2 pair of boots of running (worn)
 G - a +2 hat of magic resistance (worn)
 Q - the +1 pair of gloves "Ympo" (worn) {Regen+}
   (You bought it in a shop on level 2 of the Orcish Mines)

   It increases your rate of regeneration.
 W - a +3 buckler of cold resistance (worn)
 Y - a scarf of repulsion (worn)
Jewellery
 h - an uncursed ring of resist corrosion
 r - the ring "Faitee" {+Inv rF+ rC+}
   (You took it off a deep elf death mage on level 3 of the Elven Halls)

   [ring of protection from cold]

   It protects you from fire.
   It protects you from cold.
   It lets you turn invisible.
 w - a +4 ring of evasion (right hand)
 H - the ring "Reckosm" {Fire rElec rPois}
   (You took it off a deep elf blademaster on level 3 of the Elven Halls)

   [ring of fire]

   It enhances your fire magic.
   It protects you from fire.
   It makes you vulnerable to cold.
   It insulates you from electricity.
   It protects you from poison.
 T - a +5 ring of protection (left hand)
 V - the ring "Duraargh" {rPois rF- rC+++ rN+ MP+9}
   (You found it on level 10 of the Dungeon)

   [ring of magical power]

   It makes you vulnerable to fire.
   It renders you almost immune to cold.
   It protects you from poison.
   It protects you from negative energy.
   It affects your magic capacity (+9).
 X - the amulet of Vitality (around neck) {Regen+ HP+15}
   (You found it on level 3 of the Crypt)

   [amulet of regeneration]

   It affects your health (+15).
   It increases your rate of regeneration.
Wands
 b - a wand of digging (5/24)
 y - a wand of scattershot (2/9)
Scrolls
 g - 8 scrolls of blinking
 j - a scroll of summoning
 l - 16 scrolls of remove curse
 n - 4 scrolls of fear
 p - 17 scrolls of teleportation
 A - 4 scrolls of enchant weapon
 C - 4 scrolls of recharging
 I - 2 scrolls of identify
 L - a scroll of fog
 O - 2 scrolls of silence
Potions
 c - a potion of flight
 i - 2 potions of cancellation
 k - 4 potions of invisibility
 m - 5 potions of brilliance
 z - 2 potions of heal wounds
 B - 4 potions of agility
 D - 6 potions of might
 E - 5 potions of curing
 N - 3 potions of ambrosia
 R - 4 potions of haste
 U - 2 potions of mutation
 Z - a potion of resistance
Books
 o - a manual of Poison Magic
 q - a manual of Axes
 J - a manual of
Armour
 P - a manual of Long Blades
Miscellaneous
 d - a phantom mirror
 e - a fan of gales
 F - a lightning rod (4/4)
 M - a lamp of fire
 S - a phial of floods
Comestibles
 f - 12 bread rations
 t - 10 meat rations


   Skills:
 + Level 16.0 Fighting
 + Level 15.4 Short Blades
 + Level 19.8 Long Blades
 + Level 18.9 Axes
 + Level 15.4 Maces & Flails
 + Level 15.6 Polearms
 + Level 15.4 Staves
 + Level 15.4 Slings
 + Level 15.4 Bows
 + Level 15.4 Crossbows
 + Level 15.4 Throwing
 + Level 17.5 Armour
 + Level 15.4 Dodging
 + Level 15.9 Stealth
   Level 0.0 Stabbing
 + Level 15.4 Shields
   Level 0.0 Traps
 + Level 15.4 Unarmed Combat
 + Level 15.4 Spellcasting
 + Level 15.4 Conjurations
 + Level 15.4 Hexes
 + Level 15.4 Charms
 + Level 15.4 Summonings
 + Level 15.4 Necromancy
 + Level 15.4 Translocations
 + Level 15.4 Transmutations
 + Level 15.4 Fire Magic
 + Level 15.4 Ice Magic
 + Level 15.4 Air Magic
 + Level 15.4 Earth Magic
 + Level 18.0 Poison Magic
 + Level 15.4 Invocations
 + Level 15.6 Evocations


You had 17 spell levels left.
You knew the following spells:

 Your Spells              Type           Power        Failure   Level  Hunger
a - Spectral Weapon       Hex/Chrm       #######.     1%          3    None
b - Lee's Rapid Deconstr  Erth           #######...   1%          5    #......
c - Passwall              Tmut/Erth      #######...   1%          2    None
d - Apportation           Tloc           ######       1%          1    None
e - Swiftness             Chrm/Air       #######.     1%          2    None
f - Blink                 Tloc           N/A          1%          2    None
g - Iron Shot             Conj/Erth      #######...   3%          6    ####...
h - Orb of Destruction    Conj           #######...   17%         7    ######.
i - Controlled Blink      Tloc           N/A          80%         8    #######


Dungeon Overview and Level Annotations

Branches:
Dungeon (15/15)            Temple (0/1) D:6            Lair (6/6) D:11
  Swamp (4/4) Lair:2        Snake (4/4) Lair:2        Slime (5/5) Lair:6
    Orc (2/2) D:11            Elf (3/3) Orc:2        Vaults (2/5) D:13
  Crypt (3/3) Vaults:2       Tomb (3/3) Crypt:3
 Depths: D:15

Altars:
Dithmenos
Elyvilon
Fedhas
Gozag
Kikubaaqudgha
Makhleb
Nemelex Xobeh
Okawaru
Sif Muna
Vehumet
Yredelemnul
The Shining One
Jiyva

Shops:
D:7 [   D:11 *}%   D:15 *   Orc:2 [:(*   Elf:2 *   Snake:1 %   Vaults:1 }=

Annotations:
D:4 Eustachio
D:8 tidbits's ghost, novice GnSk
Elf:1 exclusion: Roxanne, Nikola; Roxanne
Elf:2 3 runed doors, exclusion: upstairs
Tomb:2 Sojobo; stickyfingers's ghost, legendary FoAr


Innate Abilities, Weirdness & Mutations

Your experience applies equally to all skills.
You have very sharp teeth.
Your uncanny sense of smell can sniff out nearby items.
Scrolls take you a little longer to read.
Your magical capacity is low. (-10% MP)
You are somewhat resistant to further mutation.
Your system is resistant to poisons. (rPois)
Your movements are slightly less encumbered by armour. (ER -2)


Message History

The emperor scorpion stings you but does no damage.
The emperor scorpion completely misses you.
The emperor scorpion claws you!
* * * LOW HITPOINT WARNING * * *
You block the emperor scorpion's attack.
The emperor scorpion completely misses you.
The emperor scorpion claws you but does no damage.
The emperor scorpion stings you but does no damage.
The emperor scorpion claws you but does no damage. x2
Unknown command.
Casting: Apportation
Confirm with . or Enter, or press ? or * to list all spells.
Okay, then.
Unknown command.
Casting: Apportation
Confirm with . or Enter, or press ? or * to list all spells.
You blink.
The greater mummy casts a spell.
The emperor scorpion stings you!
You die...

∆ ∆ ...... ∆
...... ####
M.....
###..##......
##......M.....
∆
##.†ss3.$....#
##...†sMs...#
##...††ss@..##
#....?$?ss.##
#..†.†.††..#
#...†.†....##
#..†††††...#
............##
..........?.#
............#
...........##


You could see a greater mummy, 8 emperor scorpions, a mummy priest, a soul eater
and a mummy.

Vanquished Creatures
  the Royal Jelly (Slime:5)
  Mara (Elf:3)
  Mennas (Vaults:2)
  4 ancient liches
  5 greater mummies (Tomb:3)
  Frederick (Vaults:2)
  Jory (Crypt:2)
  A bone dragon (Crypt:3)
  7 liches
  Rupert (Lair:6)
  A deep elf blademaster (Elf:3)
  14 acid blobs
  9 sphinxes
  3 thorn hunters
  A tengu reaver (Tomb:2)
  2 revenants (Tomb:1)
  4 ancient champions
  Agnes (Elf:1)
  Donald (Swamp:4)
  9 azure jellies
  8 nagarajas
  3 vault wardens (Vaults:1)
  The ghost of Monsterracer the Martial Artist, a journeyman GnTm of Uskayaw (D:15)
  4 ghouls (Crypt:1)
  4 deep elf elementalists (Elf:3)
  5 deep elf sorcerers
  A curse skull (Crypt:3)
  3 war gargoyles (Crypt:3)
  2 ironheart preservers (Vaults:2)
  2 bennus (Tomb:3)
  The ghost of utis the Destroyer, a journeyman HuAE (Lair:5)
  Nessos (Lair:4)
  6 deep elf demonologists (Elf:3)
  9 purple draconians (WizLab)
  8 deep elf annihilators
  4 statues (WizLab)
  An ettin (Vaults:2)
  7 death oozes
  16 mummy priests
  The ghost of Amnesiac the Jinx, a journeyman GnEn of Ashenzari (Orc:2)
  6 deep elf death magi
  2 jiangshi (Crypt:1)
  2 eidola (Crypt:1)
  16 hydras
  2 deep elf high priests (Elf:3)
  6 vault guards
  A yaktaur captain (Vaults:1)
  Erolcha (D:9)
  2 great orbs of eyes (Slime:5)
  13 two-headed ogres
  5 centaur warriors
  15 naga warriors
  16 alligators
  A two-headed ogre (shapeshifter) (Abyss:5)
  An ice dragon (Vaults:1)
  12 anacondas
  8 dancing weapons
  80 death scarabs
  6 death yaks (Lair:6)
  2 death knights (Vaults:2)
  4 ogre magi
  4 orc high priests (Orc:2)
  4 thrashing horrors (Abyss:5)
  A vampire mage (Crypt:2)
  7 shock serpents
  12 naga sharpshooters
  7 hell knights (Crypt:3)
  2 titan skeletons
  12 deep elf knights
  19 skeletal warriors
  3 large abominations
  A spriggan druid (Swamp:4)
  2 wretched stars (Abyss:5)
  2 storm dragon skeletons (Crypt:3)
  6 salamander mystics
  2 wizards
  A golden dragon zombie (Crypt:3)
  3 unseen horrors
  2 flayed ghosts
  11 naga ritualists
  7 swamp dragons
  A shadow dragon zombie (Crypt:2)
  11 deep elf archers
  A phantasmal warrior (Crypt:1)
  4 shambling mangroves
  6 orc knights
  An iron dragon zombie (Crypt:3)
  A golden dragon skeleton (Tomb:2)
  A harpy (Vaults:1)
  A necromancer (Crypt:2)
  2 ironbrand convokers (Vaults:1)
  54 deep elf magi
  21 ugly things
  2 wolf spiders (Lair:6)
  8 cyclopes
  2 orc sorcerers (Orc:1)
  6 mana vipers
  A shadow dragon skeleton (Crypt:3)
  A fire giant zombie (Crypt:2)
  9 salamanders
  A manticore (D:11)
  66 slime creatures
  4 shining eyes
  17 guardian serpents
  A shock serpent zombie (Tomb:2)
  5 smoke demons (Crypt:3)
  A fire giant skeleton (Crypt:3)
  15 naga magi
  35 black mambas
  4 vault sentinels
  2 ice statues (IceCv)
  6 gargoyles
  4 komodo dragons
  A white draconian zombie (Crypt:2)
  12 spiny frogs
  A rime drake (shapeshifter) (Elf:2)
  6 yaktaurs (Vaults:1)
  2 rime drakes
  2 small abominations
  An efreet (D:13)
  29 guardian mummies
  A freezing wraith (Vaults:1)
  A komodo dragon (shapeshifter) (Abyss:5)
  11 trolls
  10 ice devils (IceCv)
  5 red devils (Crypt:3)
  Prince Ribbit (D:9)
  A polar bear (Lair:5)
  A meliai (D:10)
  A tengu conjurer (D:13)
  3 tyrant leeches
  5 bog bodies
  2 wind drakes (shapeshifter) (Vaults:2)
  2 harpy skeletons
  An ice dragon zombie (Crypt:1)
  14 blink frogs
  13 hornets
  A frost giant simulacrum (Crypt:2)
  10 hippogriffs
  A meliai zombie (D:12)
  3 redbacks (Lair:6)
  A redback (shapeshifter) (Vaults:1)
  15 flying skulls
  8 shadows
  5 ushabtiu
  2 centaur simulacra
  9 wraiths
  40 yaks
  5 spriggans
  A water elemental (Elf:2)
  An air elemental (Elf:2)
  A fire dragon skeleton (Crypt:2)
  2 vampires (D:15)
  A satyr skeleton (Crypt:2)
  10 wyverns
  A basilisk (shapeshifter) (Vaults:1)
  A chaos spawn (Abyss:5)
  6 hungry ghosts
  A basilisk (D:14)
  2 ice dragon skeletons
  A golden eye (shapeshifter) (Vaults:1)
  3 golden eyes
  18 vampire mosquitoes
  13 swamp worms
  50 nagas
  5 insubstantial wisps (Swamp:1)
  A warg (Orc:2)
  A two-headed ogre zombie (D:11)
  19 water moccasins
  A spiny frog zombie (Tomb:2)
  Duvessa (D:5)
  9 porcupines
  A swamp dragon zombie (Crypt:1)
  5 swamp drakes (Swamp:4)
  2 ice beasts
  A spiny frog skeleton (Crypt:3)
  30 orc warriors
  2 black bears
  7 sky beasts
  3 slaves (D:5)
  7 eyes of draining
  18 ogres
  2 boggarts
  5 phantoms
  7 necrophages
  An elephant skeleton (Crypt:2)
  4 wolves (Lair:1)
  11 centaurs
  A snapping turtle skeleton (Crypt:3)
  10 crocodiles
  Blork the orc (D:6)
  2 earth elementals (Elf:3)
  14 bullfrogs
  A rime drake skeleton (Crypt:1)
  A water moccasin zombie (D:10)
  6 killer bees (D:10)
  Dowan (D:5)
  5 scorpions
  3 troll zombies (D:11)
  A swamp dragon simulacrum (Crypt:2)
  18 wights
  2 howler monkeys
  2 bullfrog zombies (D:10)
  5 centaur zombies
  12 crimson imps
  3 jellies
  A quasit (D:8)
  A soldier ant zombie (Crypt:2)
  11 starcursed masses (Abyss:5)
  13 orc priests
  2 gnoll shamans
  8 hounds
  2 bullfrog skeletons
  5 centaur skeletons
  13 orc wizards
  4 iguanas
  Ijyb (D:2)
  Natasha (D:4)
  8 worker ants
  4 ogre zombies (D:11)
  A sky beast zombie (Crypt:1)
  A hound zombie (D:9)
  32 mummies
  Robin (D:3)
  11 adders
  15 gnolls
  A swamp drake zombie (Crypt:2)
  8 shadow imps
  22 white imps
  6 ufetubi (IceCv)
  An ooze (D:2)
  An adder skeleton (D:10)
  A lava snake skeleton (Crypt:1)
  3 worms (D:2)
  7 leopard geckos
  62 orcs
  A ball python (D:1)
  8 giant cockroaches
  23 hobgoblins
  9 jackals
  12 kobolds
  4 quokkas
  A ball python skeleton (D:6)
  7 bats
  2 frilled lizards (D:2)
  34 goblins
  3 goblin skeletons (D:11)
  A goblin zombie (D:11)
  A hobgoblin skeleton (D:11)
  A hobgoblin zombie (D:11)
  3 orc skeletons (D:11)
  16 orc zombies (D:11)
  A quokka skeleton (D:3)
  5 rats
  3 briar patches (Swamp:1)
  2 crawling corpses
  A fungus (Lair:6)
  2 plants (Lair:6)
1714 creatures vanquished.

Vanquished Creatures (collateral kills)
  the Lernaean hydra (Swamp:4)
  A deep elf master archer (Elf:3)
  2 orc warlords
  Aizul (Snake:1)
  Louise (Elf:1)
  A deep elf elementalist (Elf:3)
  A deep elf demonologist (Elf:3)
  A deep elf annihilator (Elf:3)
  An ettin (Orc:1)
  A deep elf high priest (Elf:3)
  6 hydras (Swamp:4)
  A naga warrior (Snake:1)
  An anaconda (Snake:1)
  An orc high priest (Elf:1)
  2 naga sharpshooters (Snake:1)
  2 deep elf knights
  3 swamp dragons (Swamp:4)
  A naga ritualist (Snake:1)
  A deep elf archer (Elf:2)
  2 mana vipers (Snake:1)
  3 deep elf magi
  A naga mage (Snake:1)
  2 black mambas (Snake:1)
  An elephant (D:11)
  2 spiny frogs (Lair:6)
  A tyrant leech (Swamp:4)
  2 hornets (Swamp:4)
  A bog body (Swamp:4)
  A spriggan (Swamp:4)
  An air elemental (Elf:3)
  2 wyverns (Lair:6)
  A basilisk (D:11)
  6 vampire mosquitoes (Swamp:4)
  A warg (Orc:1)
  2 nagas (Snake:1)
  4 water moccasins (Lair:6)
  9 orc warriors
  A porcupine (Lair:4)
  A swamp drake (Swamp:4)
  5 wolves (Lair:4)
  2 crocodiles
  A bullfrog (Lair:4)
  An earth elemental (Elf:2)
  3 orc priests
  5 orc wizards
  4 gnolls
  13 orcs
  2 goblins (Bailey)
109 creatures vanquished.

Vanquished Creatures (others)
  A lich (Tomb:2)
  A reaper (IceCv)
  A mummy priest (Tomb:1)
  A hydra (Swamp:1)
  An alligator (Swamp:3)
  14 death scarabs (Tomb:2)
  A storm dragon skeleton (Tomb:2)
  2 deep elf magi
  An orc knight (Bailey)
  5 flying skulls (Tomb:2)
  An orc warrior (Bailey)
  3 mummies
  3 white imps (IceCv)
  3 ufetubi (IceCv)
  A ball lightning (Snake:3)
  3 quokkas (D:8)
  25 fungi
  9 plants
76 creatures vanquished.

Grand Total: 1899 creatures vanquished

Notes
Turn   | Place    | Note
-------+----------+-------------------------------------------
     0 | D:1      | 4thArraOfDagon the Gnoll Wanderer began the quest for the Orb.
     0 | D:1      | 4thArraOfDagon set off with: a +2 hand axe, a potion of curing, a wand of random effects (15/48), a +0 robe, a +0 dagger, a bread ration
     0 | D:1      | Reached XP level 1. HP: 20/20 MP: 2/2
    63 | D:1      | Found a glowing golden altar of the Shining One.
    72 | D:1      | Became a worshipper of the Shining One
   122 | D:1      | Reached XP level 2. HP: 17/26 MP: 3/3
   175 | D:1      | Reached XP level 3. HP: 10/31 MP: 4/4
   421 | D:2      | Reached skill level 1 in Short Blades
   421 | D:2      | Reached skill level 1 in Long Blades
   421 | D:2      | Reached skill level 1 in Maces & Flails
   421 | D:2      | Reached skill level 1 in Staves
   421 | D:2      | Reached skill level 1 in Slings
   421 | D:2      | Reached skill level 1 in Bows
   421 | D:2      | Reached skill level 1 in Crossbows
   421 | D:2      | Reached skill level 1 in Throwing
   421 | D:2      | Reached skill level 1 in Dodging
   421 | D:2      | Reached skill level 1 in Shields
   421 | D:2      | Reached skill level 1 in Unarmed Combat
   421 | D:2      | Reached skill level 1 in Spellcasting
   421 | D:2      | Reached skill level 1 in Conjurations
   421 | D:2      | Reached skill level 1 in Hexes
   421 | D:2      | Reached skill level 1 in Charms
   421 | D:2      | Reached skill level 1 in Summonings
   421 | D:2      | Reached skill level 1 in Necromancy
   421 | D:2      | Reached skill level 1 in Translocations
   421 | D:2      | Reached skill level 1 in Transmutations
   421 | D:2      | Reached skill level 1 in Fire Magic
   421 | D:2      | Reached skill level 1 in Ice Magic
   421 | D:2      | Reached skill level 1 in Air Magic
   421 | D:2      | Reached skill level 1 in Earth Magic
   421 | D:2      | Reached skill level 1 in Poison Magic
   421 | D:2      | Reached skill level 1 in Invocations
   475 | D:2      | Reached XP level 4. HP: 37/38 MP: 6/6
   856 | D:3      | Reached XP level 5. HP: 36/43 MP: 7/7
   867 | D:3      | Reached * piety under the Shining One
   948 | D:3      | Found an iron altar of Okawaru.
   949 | D:3      | Found a sparkling altar of Nemelex Xobeh.
   954 | D:3      | Found an ancient bone altar of Kikubaaqudgha.
   955 | D:3      | Found an opulent altar of Gozag.
   957 | D:3      | Found a radiant altar of Vehumet.
  1081 | D:2      | Noticed Ijyb
  1099 | D:2      | Killed Ijyb
  1151 | D:4      | Noticed Robin
  1276 | D:4      | Reached XP level 6. HP: 36/50 MP: 8/8
  1302 | D:3      | Killed Robin
  1418 | D:4      | Noticed Natasha
  1423 | D:4      | Killed Natasha
  1473 | D:4      | Noticed Eustachio
  1490 | D:5      | Entered Level 5 of the Dungeon
  1494 | D:5      | Noticed a slave
  1494 | D:5      | Noticed a slave
  1520 | D:5      | Killed a slave
  1528 | D:5      | Killed a slave
  1626 | D:5      | Reached skill level 5 in Fighting
  1626 | D:5      | Reached skill level 2 in Long Blades
  1626 | D:5      | Reached skill level 5 in Axes
  1626 | D:5      | Reached skill level 5 in Armour
  1747 | D:5      | Noticed a slave
  1770 | D:5      | Killed a slave
  1825 | D:5      | Noticed Dowan
  1826 | D:5      | Noticed Duvessa
  1843 | D:5      | Killed Dowan
  1876 | D:5      | Killed Duvessa
  1876 | D:5      | Reached XP level 7. HP: 17/56 MP: 10/10
  2181 | D:6      | Reached skill level 5 in Stealth
  2218 | D:6      | Noticed Blork the orc
  2224 | D:6      | Was placed under penance by the Shining One
  2233 | D:6      | Killed Blork the orc
  2253 | D:6      | Reached XP level 8. HP: 21/63 MP: 12/12
  2305 | D:6      | Was forgiven by the Shining One
  2467 | D:6      | Reached skill level 3 in Long Blades
  2470 | D:6      | Gained mutation: You tend to lose your temper in combat. [mutagenic meat]
  2471 | D:6      | Gained mutation: Your movements are slightly less encumbered by armour. (ER -2) [mutagenic meat]
  2472 | D:6      | Gained mutation: Your body sometimes deteriorates upon taking damage. [mutagenic meat]
  2473 | D:6      | Gained mutation: Scrolls take you a little longer to read. [mutagenic meat]
  2507 | D:6      | Found a staircase to the Ecumenical Temple.
  2552 | D:6      | Reached ** piety under the Shining One
  2648 | D:7      | Found Her Ytee's Armour Shop.
  2847 | D:8      | Found a deep blue altar of Sif Muna.
  2872 | D:8      | Noticed tidbits's ghost (novice GnSk)
  3253 | D:8      | Noticed an unseen horror
  3256 | D:8      | Killed an unseen horror
  3256 | D:8      | Reached skill level 4 in Long Blades
  3256 | D:8      | Reached XP level 9. HP: 33/69 MP: 13/15
  3266 | D:8      | Noticed a centaur warrior
  3630 | D:9      | Noticed Erolcha
  3642 | D:9      | Killed Erolcha
  3642 | D:9      | Reached skill level 5 in Polearms
  3642 | D:9      | Reached skill level 5 in Evocations
  3722 | D:9      | Found a flagged portal.
  3727 | Bailey   | Entered a bailey
  4014 | Bailey   | Reached XP level 10. HP: 56/77 MP: 15/17
  4123 | Bailey   | Noticed an orc warlord
  4165 | Bailey   | Noticed an orc knight
  4175 | Bailey   | Noticed an orc knight
  4219 | Bailey   | Killed an orc knight
  4219 | Bailey   | Reached skill level 5 in Short Blades
  4219 | Bailey   | Reached skill level 5 in Long Blades
  4219 | Bailey   | Reached skill level 5 in Maces & Flails
  4219 | Bailey   | Reached skill level 5 in Staves
  4219 | Bailey   | Reached skill level 5 in Slings
  4219 | Bailey   | Reached skill level 5 in Bows
  4219 | Bailey   | Reached skill level 5 in Crossbows
  4219 | Bailey   | Reached skill level 5 in Throwing
  4219 | Bailey   | Reached skill level 5 in Dodging
  4219 | Bailey   | Reached skill level 5 in Shields
  4219 | Bailey   | Reached skill level 5 in Unarmed Combat
  4219 | Bailey   | Reached skill level 5 in Spellcasting
  4219 | Bailey   | Reached skill level 5 in Conjurations
  4219 | Bailey   | Reached skill level 5 in Hexes
  4219 | Bailey   | Reached skill level 5 in Charms
  4219 | Bailey   | Reached skill level 5 in Summonings
  4219 | Bailey   | Reached skill level 5 in Necromancy
  4219 | Bailey   | Reached skill level 5 in Translocations
  4219 | Bailey   | Reached skill level 5 in Transmutations
  4219 | Bailey   | Reached skill level 5 in Fire Magic
  4219 | Bailey   | Reached skill level 5 in Ice Magic
  4219 | Bailey   | Reached skill level 5 in Air Magic
  4219 | Bailey   | Reached skill level 5 in Earth Magic
  4219 | Bailey   | Reached skill level 5 in Poison Magic
  4219 | Bailey   | Reached skill level 5 in Invocations
  4446 | D:8      | Killed a centaur warrior
  4523 | D:8      | Noticed a cyclops
  4534 | D:8      | Killed a cyclops
  4608 | D:8      | Reached *** piety under the Shining One
  4663 | D:8      | Found a white marble altar of Elyvilon.
  4801 | D:9      | Noticed a two-headed ogre
  4808 | D:9      | Killed a two-headed ogre
  4878 | D:9      | Found a shadowy altar of Dithmenos.
  4878 | D:9      | Found a basalt altar of Yredelemnul.
  4879 | D:9      | Found a burning altar of Makhleb.
  4880 | D:9      | Reached skill level 6 in Long Blades
  4880 | D:9      | Reached XP level 11. HP: 86/86 MP: 18/20
  4881 | D:9      | Reached skill level 7 in Long Blades
  4881 | D:9      | Reached XP level 12. HP: 94/94 MP: 18/22
  4952 | D:10     | Entered Level 10 of the Dungeon
  5059 | D:10     | Reached XP level 13. HP: 86/99 MP: 23/23
  5404 | D:10     | Reached **** piety under the Shining One
  5492 | D:10     | Found the +7 Kryia's mail coat {PotionHeal*2 rC+}
  5496 | D:10     | Got a scintillating steel ring
  5498 | D:10     | Identified the ring "Duraargh" {rPois rF- rC+++ rN+ MP+9} (You found it on level 10 of the Dungeon)
  5499 | D:10     | Identified the Compendium of Destructive Talismans
  5504 | D:10     | Learned a level 3 spell: Spectral Weapon
  6054 | D:11     | Found Vigaxt Cyngo's Gadget Shop.
  6090 | D:11     | Found Kops's Food Shoppe.
  6096 | D:11     | Reached ***** piety under the Shining One
  6128 | D:11     | Reached skill level 8 in Long Blades
  6165 | D:11     | Found a frozen archway.
  6208 | D:11     | Found Cimeet's Assorted Antiques.
  6211 | D:11     | Bought a scroll labeled ROHEUXE WAIK for 35 gold pieces
  6211 | D:11     | Bought a bubbling emerald potion for 31 gold pieces
  6211 | D:11     | Bought a scroll labeled GETU TUOKLAZ for 35 gold pieces
  6225 | IceCv    | Entered an ice cave
  6299 | IceCv    | Killed a reaper
  6884 | IceCv    | Got a crystal broad axe
  7013 | D:11     | Reached ****** piety under the Shining One
  7014 | D:11     | Found a staircase to the Orcish Mines.
  7080 | D:11     | Identified the +1 broad axe of Carhuc {chop, rElec MR+ Int+4} (You found it in an ice cave)
  7081 | D:11     | Identified a +8 trishula of holy wrath (a +6 demon trident of venom blessed by the Shining One)
  7081 | D:11     | Received a gift from the Shining One
  7348 | D:11     | Found a staircase to the Lair.
  7714 | D:12     | Gained mutation: Your flesh is cold resistant. (rC+) [mutagenic meat]
  7715 | D:12     | Gained mutation: You have a pair of small horns on your head. [mutagenic meat]
  7716 | D:12     | Gained mutation: Your magical capacity is low. (-10% MP) [mutagenic meat]
  7717 | D:12     | Gained mutation: You are somewhat resistant to further mutation. [mutagenic meat]
  7830 | D:12     | Reached skill level 9 in Long Blades
  8462 | D:14     | Reached XP level 14. HP: 78/108 MP: 23/23
  8816 | D:15     | Entered Level 15 of the Dungeon
  9005 | D:15     | Noticed Monsterracer's ghost (journeyman GnTm)
  9045 | D:15     | Killed Monsterracer's ghost
  9078 | D:15     | Reached skill level 10 in Long Blades
  9083 | D:15     | Reached skill level 10 in Fighting
  9083 | D:15     | Reached skill level 10 in Axes
  9083 | D:15     | Reached skill level 10 in Armour
  9151 | D:15     | Reached skill level 10 in Stealth
  9182 | D:15     | Gained mutation: You have a pair of horns on your head. [mutagenic meat]
  9183 | D:15     | Gained mutation: Armour fits poorly on your strangely shaped body. [mutagenic meat]
  9185 | D:15     | Lost mutation: You have a pair of horns on your head. [mutagenic meat]
  9416 | D:15     | Found Iryopt's Blood Bar.
  9465 | D:15     | Found a blossoming altar of Fedhas.
  9744 | Orc:1    | Entered Level 1 of the Orcish Mines
  9888 | Orc:1    | Noticed an orc warlord
  9919 | Orc:1    | Killed an orc warlord
 10085 | Orc:2    | Entered Level 2 of the Orcish Mines
 10148 | Orc:2    | Found Vipecing's General Store.
 10161 | Orc:2    | Bought a scroll of blinking for 90 gold pieces
 10161 | Orc:2    | Bought a scroll of identify for 24 gold pieces
 10161 | Orc:2    | Bought a potion of might for 48 gold pieces
 10443 | Orc:2    | Reached XP level 15. HP: 86/117 MP: 25/25
 10490 | Orc:2    | Noticed Amnesiac's ghost (journeyman GnEn)
 10507 | Orc:2    | Killed Amnesiac's ghost
 10513 | Orc:2    | Found Loigigha's Book Boutique.
 10539 | Orc:2    | Found a staircase to the Elven Halls.
 10559 | Orc:2    | Found Ycicke's Antique Armour Boutique.
 10613 | Orc:2    | Reached skill level 11 in Long Blades
 10668 | Orc:2    | Bought a pair of brightly glowing gloves for 275 gold pieces
 10673 | Orc:2    | Identified the +1 pair of gloves "Ympo" {Regen+} (You bought it in a shop on level 2 of the Orcish Mines)
 10691 | Orc:2    | Found Iryush's Antique Weapon Emporium.
 10755 | Orc:2    | Noticed an orc warlord
 10765 | Orc:2    | Killed an orc warlord
 10981 | D:9      | Noticed Prince Ribbit
 11020 | D:9      | Killed Prince Ribbit
 11091 | D:7      | Bought the +8 chain mail of the Hills {+Fly rPois MR+ Slay+3} for 760 gold pieces
 11269 | Elf:1    | Entered Level 1 of the Elven Halls
 11291 | Elf:1    | Reached skill level 10 in Polearms
 11291 | Elf:1    | Reached skill level 10 in Evocations
 11368 | Elf:1    | Noticed Agnes
 11368 | Elf:1    | Noticed Roxanne
 11369 | Elf:1    | WTF
 11385 | Elf:1    | Killed Agnes
 11469 | Elf:1    | Noticed a deep elf sorcerer
 11487 | Elf:1    | Killed a deep elf sorcerer
 11613 | Elf:1    | Noticed Louise
 11642 | Elf:1    | Killed Louise
 11824 | Elf:2    | Reached skill level 10 in Short Blades
 11824 | Elf:2    | Reached skill level 10 in Maces & Flails
 11824 | Elf:2    | Reached skill level 10 in Staves
 11824 | Elf:2    | Reached skill level 10 in Slings
 11824 | Elf:2    | Reached skill level 10 in Bows
 11824 | Elf:2    | Reached skill level 10 in Crossbows
 11824 | Elf:2    | Reached skill level 10 in Throwing
 11824 | Elf:2    | Reached skill level 10 in Dodging
 11824 | Elf:2    | Reached skill level 10 in Shields
 11824 | Elf:2    | Reached skill level 10 in Unarmed Combat
 11824 | Elf:2    | Reached skill level 10 in Spellcasting
 11824 | Elf:2    | Reached skill level 10 in Conjurations
 11824 | Elf:2    | Reached skill level 10 in Hexes
 11824 | Elf:2    | Reached skill level 10 in Charms
 11824 | Elf:2    | Reached skill level 10 in Summonings
 11824 | Elf:2    | Reached skill level 10 in Necromancy
 11824 | Elf:2    | Reached skill level 10 in Translocations
 11824 | Elf:2    | Reached skill level 10 in Transmutations
 11824 | Elf:2    | Reached skill level 10 in Fire Magic
 11824 | Elf:2    | Reached skill level 10 in Ice Magic
 11824 | Elf:2    | Reached skill level 10 in Air Magic
 11824 | Elf:2    | Reached skill level 10 in Earth Magic
 11824 | Elf:2    | Reached skill level 10 in Poison Magic
 11824 | Elf:2    | Reached skill level 10 in Invocations
 12001 | Elf:2    | Found a runed gate.
 12001 | Elf:2    | Found a runed gate.
 12001 | Elf:2    | Found a runed gate.
 12039 | Elf:2    | Reached skill level 12 in Long Blades
 12132 | Elf:3    | Entered Level 3 of the Elven Halls
 12230 | Elf:2    | Reached XP level 16. HP: 125/125 MP: 19/27
 12347 | Elf:2    | Found Exzecw's Assorted Antiques.
 12354 | Elf:2    | Bought a sedimented silvery potion for 33 gold pieces
 12394 | Elf:1    | Noticed Nikola
 12676 | Elf:3    | Noticed Mara
 12690 | Elf:3    | Noticed 4thArraOfDagon's illusion
 12690 | Elf:3    | Killed Mara
 12853 | Elf:3    | Noticed a deep elf master archer
 12860 | Elf:3    | Killed a deep elf master archer
 13061 | Elf:3    | Identified the ring "Faitee" {+Inv rF+ rC+} (You took it off a deep elf death mage on level 3 of the Elven Halls)
 13077 | Elf:3    | Reached skill level 13 in Long Blades
 13262 | Elf:3    | Noticed a deep elf blademaster
 13274 | Elf:3    | Killed a deep elf blademaster
 13301 | Elf:3    | Got a faintly humming plate armour
 13306 | Elf:3    | Got a scintillating bone ring
 13307 | Elf:3    | Identified the ring "Reckosm" {Fire rElec rPois} (You took it off a deep elf blademaster on level 3 of the Elven Halls)
 13335 | Elf:3    | Cast into level 4 of the Abyss (deep elf annihilator)
 13358 | Abyss:5  | Entered Level 5 of the Abyss
 13403 | Abyss:5  | Noticed a lich
 13423 | Abyss:5  | Reached XP level 17. HP: 89/133 MP: 17/28
 13423 | Abyss:5  | Killed a lich
 13498 | Elf:3    | Escaped the Abyss
 13581 | Elf:3    | Got a transparent lajatang {slice}
 13742 | Elf:3    | Got a smoking lapis lazuli ring
 13744 | Elf:3    | Identified the ring of Xanoadgh {rPois rC+} (You took it off a deep elf annihilator on level 3 of the Elven Halls)
 13843 | Elf:3    | Got an encrusted ring mail
 13904 | Elf:3    | Identified the +3 ring mail "Wariud" {rElec rPois rC- SInv} (You found it on level 3 of the Elven Halls)
 13914 | Elf:3    | Identified the +9 plate armour of the Eagle {rN+} (You took it off a deep elf blademaster on level 3 of the Elven Halls)
 13938 | Elf:3    | Identified the +2 lajatang "Iluih" {slice, Dex+4} (You took it off a deep elf high priest on level 3 of the Elven Halls)
 14183 | Lair:1   | Entered Level 1 of the Lair of Beasts
 14464 | Lair:2   | Found a staircase to the Swamp.
 14668 | Lair:2   | Found a staircase to the Snake Pit.
 15135 | Lair:4   | Noticed Nessos
 15206 | Lair:4   | Learned a level 5 spell: Lee's Rapid Deconstruction
 15209 | Lair:4   | Learned a level 2 spell: Passwall
 15455 | Lair:5   | Noticed utis's ghost (journeyman HuAE)
 15474 | Lair:5   | Killed utis's ghost
 15474 | Lair:5   | Reached skill level 14 in Long Blades
 15690 | Lair:6   | Entered Level 6 of the Lair of Beasts
 15792 | Lair:6   | Lost mutation: Your body sometimes deteriorates upon taking damage. [potion of mutation]
 15792 | Lair:6   | Lost mutation: You have a pair of small horns on your head. [potion of mutation]
 15792 | Lair:6   | Gained mutation: Your flesh is heat resistant. (rF+) [potion of mutation]
 15825 | Lair:6   | Noticed Rupert
 15838 | Lair:6   | Killed Rupert
 15849 | Lair:6   | Lost mutation: Scrolls take you a little longer to read. [potion of mutation]
 15849 | Lair:6   | Lost mutation: Your magical capacity is low. (-10% MP) [potion of mutation]
 15849 | Lair:6   | Lost mutation: Your flesh is heat resistant. (rF+) [potion of mutation]
 15849 | Lair:6   | Lost mutation: You tend to lose your temper in combat. [potion of mutation]
 15849 | Lair:6   | Gained mutation: Your movements are less encumbered by armour. (ER -4) [potion of mutation]
 15850 | Lair:6   | Lost mutation: Your flesh is cold resistant. (rC+) [potion of mutation]
 15850 | Lair:6   | Lost mutation: Your movements are less encumbered by armour. (ER -4) [potion of mutation]
 15850 | Lair:6   | Gained mutation: You possess an exceptional clarity of mind. [potion of mutation]
 15988 | Lair:6   | Found a staircase to the Slime Pits.
 16134 | Lair:6   | Reached XP level 18. HP: 131/141 MP: 33/33
 16326 | Lair:6   | Got an ichor-stained ring mail
 16552 | Lair:4   | Killed Nessos
 16627 | Snake:1  | Entered Level 1 of the Snake Pit
 16690 | Snake:1  | Noticed Aizul
 16707 | Snake:1  | Killed Aizul
 16734 | Snake:1  | Found Dypnuwk's Food Boutique.
 16889 | Snake:1  | Identified the +1 ring mail of the Hot Ocelot {*Corrode +Blink rN+ Str+5} (You found it on level 6 of the Lair of Beasts)
 17624 | Snake:3  | Found an iron altar of Okawaru.
 17666 | Snake:3  | Found a transporter.
 17672 | Snake:3  | Found a deep blue altar of Sif Muna.
 17775 | Snake:3  | Found a transporter.
 17898 | Snake:3  | Learned a level 1 spell: Apportation
 17916 | Snake:3  | Reached skill level 15 in Long Blades
 18056 | Snake:3  | Lost mutation: You possess an exceptional clarity of mind. [potion of mutation]
 18056 | Snake:3  | Lost mutation: Armour fits poorly on your strangely shaped body. [potion of mutation]
 18056 | Snake:3  | Gained mutation: Your system is resistant to poisons. (rPois) [potion of mutation]
 18218 | Snake:4  | Entered Level 4 of the Snake Pit
 18372 | Snake:4  | Reached XP level 19. HP: 114/149 MP: 35/35
 19483 | Snake:4  | Got a serpentine rune of Zot
 19613 | Swamp:1  | Entered Level 1 of the Swamp
 20139 | Swamp:3  | Reached skill level 16 in Long Blades
 20576 | Swamp:3  | Reached XP level 20. HP: 156/157 MP: 36/36
 20691 | Swamp:4  | Entered Level 4 of the Swamp
 20820 | Swamp:4  | Reached skill level 15 in Axes
 21037 | Swamp:4  | Noticed Donald
 21053 | Swamp:4  | Killed Donald
 21137 | Swamp:4  | Noticed the 27-headed Lernaean hydra
 21144 | Swamp:4  | Killed the 27-headed Lernaean hydra
 21179 | Swamp:4  | Got a decaying rune of Zot
 21583 | Slime:1  | Entered Level 1 of the Pits of Slime
 21679 | Slime:2  | Gained mutation: Your magical capacity is low. (-10% MP) [a shining eye]
 22300 | Slime:5  | Entered Level 5 of the Pits of Slime
 22696 | Slime:5  | Reached skill level 17 in Long Blades
 22807 | Slime:5  | Reached XP level 21. HP: 153/165 MP: 34/34
 22837 | Slime:5  | Found a viscous altar of Jiyva.
 22838 | Slime:5  | Noticed the Royal Jelly
 22850 | Slime:5  | Was placed under penance by the Shining One
 22854 | Slime:5  | Killed the Royal Jelly
 22879 | Slime:5  | Fell from the grace of the Shining One
 22922 | Slime:5  | Found the +0 sword of Power
 22953 | Slime:5  | Learned a level 2 spell: Swiftness
 22985 | Slime:5  | Identified Sif Muna's Incunabulum of Warped Sinister Secrets
 22989 | Slime:5  | Learned a level 2 spell: Blink
 23004 | Slime:5  | Got a slimy rune of Zot
 23022 | Slime:5  | Got an ancient amber ring
 23024 | Slime:5  | Identified the ring "Sajinuc" {rElec rPois rN+ Str-3 Dex+5} (You found it on level 5 of the Pits of Slime)
 23092 | Slime:1  | Reached skill level 15 in Poison Magic
 23527 | D:1      | Became a worshipper of the Shining One
 23791 | D:13     | Found a gate to the Vaults.
 23871 | Vaults:1 | Entered Level 1 of the Vaults
 23995 | Orc:2    | Bought a manual of Armour for 1545 gold pieces
 24375 | Vaults:1 | Found Ami Vif's Jewellery Shoppe.
 24667 | Vaults:1 | Got a steaming turquoise ring
 24669 | Vaults:1 | Identified the cursed ring of the Gloaming {Str+7 Int-3} (You took it off a vault sentinel on level 1 of the Vaults)
 24699 | Vaults:1 | Found Kiom's Gadget Shoppe.
 24832 | Vaults:2 | Noticed Frederick
 24853 | Vaults:2 | Killed Frederick
 24883 | Vaults:2 | Noticed Mennas
 24910 | Vaults:2 | Killed Mennas
 24966 | Vaults:2 | Found a magical portal.
 24975 | WizLab   | Entered Iskenderun's Mystic Tower
 25158 | WizLab   | Reached skill level 15 in Armour
 25278 | WizLab   | Reached XP level 22. HP: 105/173 MP: 6/36
 25294 | WizLab   | Identified Iskenderun's Disquisition on Conjuration
 25294 | WizLab   | Identified Iskenderun's Almanac of Battle Magic
 25302 | WizLab   | Learned a level 6 spell: Iron Shot
 25310 | WizLab   | Learned a level 7 spell: Orb of Destruction
 25555 | Vaults:2 | Reached skill level 18 in Long Blades
 25591 | Vaults:2 | Found a staircase to the Crypt.
 25624 | Crypt:1  | Entered Level 1 of the Crypt
 25844 | Crypt:1  | You fall through a shaft!
 25990 | Crypt:2  | Noticed Jory
 26008 | Crypt:2  | Killed Jory
 26171 | Crypt:3  | Entered Level 3 of the Crypt
 26543 | Crypt:3  | Found an ancient bone altar of Kikubaaqudgha.
 26553 | Crypt:3  | Reached skill level 15 in Fighting
 26595 | Crypt:3  | Found the amulet of Vitality {Regen+ HP+15}
 26605 | Crypt:3  | Noticed an ancient lich
 26615 | Crypt:3  | Killed an ancient lich
 26618 | Crypt:3  | Identified the Collected Works on Bewitching Transmigration
 26776 | Crypt:3  | Reached skill level 15 in Stealth
 26878 | Crypt:3  | Identified a +2 pair of boots of running (You found it on level 3 of the Crypt)
 26957 | Crypt:3  | Identified a scroll of acquirement
 26980 | Crypt:3  | Identified the +2 helmet of the Dungeon {rC++ Str-5} (You acquired it on level 3 of the Crypt)
 27151 | Crypt:3  | Learned a level 8 spell: Controlled Blink
 27187 | Crypt:3  | Found a staircase to the Tomb.
 27229 | Tomb:1   | Entered Level 1 of the Tomb of the Ancients
 27336 | Tomb:1   | Reached XP level 23. HP: 180/180 MP: 37/37
 27450 | Tomb:1   | Noticed an ancient lich
 27461 | Tomb:1   | Killed an ancient lich
 27461 | Tomb:1   | Reached skill level 15 in Polearms
 27461 | Tomb:1   | Reached skill level 15 in Evocations
 27564 | Tomb:2   | Noticed Sojobo
 27566 | Tomb:2   | Noticed a greater mummy
 27607 | Tomb:2   | Noticed a greater mummy
 27607 | Tomb:2   | Noticed a greater mummy
 27611 | Tomb:2   | Noticed a greater mummy
 27615 | Tomb:2   | Noticed stickyfingers's ghost (legendary FoAr)
 27639 | Tomb:2   | Reached skill level 19 in Long Blades
 27703 | Tomb:2   | HP: 7/197 [mummy priest/divine providence (11)]
 27719 | Tomb:2   | Thaneod: 6hp:)
 27810 | Tomb:2   | 4thArraOfDagon: will clutch this out :)
 27814 | Tomb:3   | Entered Level 3 of the Tomb of the Ancients
 27823 | Tomb:3   | Noticed a greater mummy
 27823 | Tomb:3   | Noticed an ancient lich
 27825 | Tomb:3   | Gained mutation: Scrolls take you a little longer to read. [a neqoxec]
 27826 | Tomb:3   | Reached skill level 15 in Short Blades
 27826 | Tomb:3   | Reached skill level 15 in Maces & Flails
 27826 | Tomb:3   | Reached skill level 15 in Staves
 27826 | Tomb:3   | Reached skill level 15 in Slings
 27826 | Tomb:3   | Reached skill level 15 in Bows
 27826 | Tomb:3   | Reached skill level 15 in Crossbows
 27826 | Tomb:3   | Reached skill level 15 in Throwing
 27826 | Tomb:3   | Reached skill level 15 in Dodging
 27826 | Tomb:3   | Reached skill level 15 in Shields
 27826 | Tomb:3   | Reached skill level 15 in Unarmed Combat
 27826 | Tomb:3   | Reached skill level 15 in Spellcasting
 27826 | Tomb:3   | Reached skill level 15 in Conjurations
 27826 | Tomb:3   | Reached skill level 15 in Hexes
 27826 | Tomb:3   | Reached skill level 15 in Charms
 27826 | Tomb:3   | Reached skill level 15 in Summonings
 27826 | Tomb:3   | Reached skill level 15 in Necromancy
 27826 | Tomb:3   | Reached skill level 15 in Translocations
 27826 | Tomb:3   | Reached skill level 15 in Transmutations
 27826 | Tomb:3   | Reached skill level 15 in Fire Magic
 27826 | Tomb:3   | Reached skill level 15 in Ice Magic
 27826 | Tomb:3   | Reached skill level 15 in Air Magic
 27826 | Tomb:3   | Reached skill level 15 in Earth Magic
 27826 | Tomb:3   | Reached skill level 15 in Invocations
 27831 | Tomb:3   | Killed an ancient lich
 27834 | Tomb:3   | Killed a greater mummy
 27843 | Tomb:3   | Reached XP level 24. HP: 145/184 MP: 20/37
 27844 | Tomb:3   | Noticed an ancient lich
 27844 | Tomb:3   | Noticed a greater mummy
 27848 | Tomb:3   | Noticed a greater mummy
 27849 | Tomb:3   | Noticed a greater mummy
 27857 | Tomb:3   | Noticed a greater mummy
 27857 | Tomb:3   | Killed an ancient lich
 27858 | Tomb:3   | Killed a greater mummy
 27862 | Tomb:3   | Killed a greater mummy
 27866 | Tomb:3   | Killed a greater mummy
 27871 | Tomb:3   | Noticed a greater mummy
 27871 | Tomb:3   | Killed a greater mummy
 27881 | Tomb:3   | HP: 7/196 [emperor scorpion[a greater mummy] (17)]
 27881 | Tomb:3   | The Shining One protects you from harm!
 27882 | Tomb:3   | HP: 2/206 [emperor scorpion[a greater mummy] (9)]
 27883 | Tomb:3   | Mangled by an emperor scorpion

Vault maps used:
D:1:      mrwooster_arrival_statue, tso_altar
D:2:      kennysheep_the_goblin_king, first_bread, kennysheep_generic_room_14
D:3:      regret_index_temple_of_mockery, minitemple, uniq_crazy_yiuf_cottage
D:4:      uniq_robin, uniq_natasha, uniq_eustachio
D:5:      fountainhead, kennysheep_boxes, uniq_duvessa, uniq_pikel,
          uniq_blork_the_orc
D:6:      kennysheep_six_static_rooms, minmay_temple_entry_glassed_door
D:7:      serial_shops, shop
D:8:      minmay_blocky_corners, nicolae_overflow_crystal_walls,
          kennysheep_little_box, elyvilon_altar_4, grunt_ogre_cave
D:9:      marbit_many_paths, gammafunk_temple_overflow_claw,
          cheibrodos_worm_habitat, enter_bailey_1, nicolae_benzene_ring,
          kennysheep_generic_room_3, uniq_prince_ribbit1, uniq_erolcha
D:10:     minmay_the_grid_triangle_9x9_recursive_2_mashed, centaur_isle
D:11:     david_lair_generic, zombieorc2_lemuel, portal_ice_cave_entry_imps,
          serial_shops, nicolae_shop_behind_doors, nicolae_shop_stone, shop
D:12:     hangedman_abyss_or_decor_passed
D:13:     lightli_vaults_fourway_checkpoint
D:14:     basic_altar
D:15:     grunt_enter_depths_magical_seal, fedhas_altar_2, glass_columns_c,
          guppyfry_shop_blood
Lair:2:   swamp_mist, dummy_snake_entry
Lair:3:   grunt_megastairs_4, infiniplex_staircase_pool_2
Lair:4:   roderic_carrion_pond, uniq_nessos
Lair:6:   hangedman_lair_tendril_chambers, minmay_slime_entry_pillars,
          lemuel_fruit_fields, serial_bayou_shore_b, uniq_rupert
Swamp:1:  nicolae_swamp_round_clearing, infiniplex_staircase_pool
Swamp:2:  evilmike_swamp_ruin_house_6, swamp_pool5
Swamp:3:  hangedman_swamp_lotus, nicolae_swamp_orc_logging_accident,
          swamp_pool4, hangedman_swamp_double_dragon
Swamp:4:  swamp, swamp_pool1, uniq_donald
Snake:1:  serial_shops, shop_fountains, grunt_ministairs_4, uniq_aizul
Snake:3:  gammafunk_sealed_library, basic_altar
Snake:4:  grunt_snake_rune_serpentine_throne
Orc:2:    grunt_orc_gardens, grunt_orc_garden, grunt_orc_garden,
          grunt_orc_garden, grunt_orc_garden
Elf:1:    eino_elf_arrival_customs, hangedman_elf_disciples, minivault_14,
          uniq_agnes, uniq_louise, uniq_roxanne, uniq_nikola
Elf:2:    serial_shops, shop, minivault_14, minmay_misc_feat_cross
Elf:3:    minmay_elf_hall_x, uniq_mara
Vaults:1: grunt_vaults_bifocal, ontoclasm_vaults_bender,
          nicolae_vaults_asterisk, vaults_room_boxed, vaults_mumra_chevron,
          vaults_room_grunt_arrival_ludios, serial_ice_g,
          nicolae_vaults_triangles, nicolae_vaults_three_branches,
          nicolae_vaults_ninety_degrees, nicolae_vaults_little_squares_6,
          v_misc_13, serial_shops, shop, shop
Vaults:2: minmay_crypt_entry_simple_sparse, ontoclasm_vaults_loading_screen,
          vaults_mumra_minichess_inversion, nicolae_vaults_border_crossing,
          v_misc_4, ontoclasm_vaults_spin, vaults_room_fours, v_pattern_4,
          nicolae_vaults_murderbox, nicolae_vaults_specimen_jars,
          mu_enter_wizlab_5, uniq_frederick, uniq_mennas
Crypt:2:  small_chamber_with_monster, uniq_jory
Crypt:3:  quadcrypt_mu, uniq_jorgrun
Tomb:2:   uniq_sojobo
Abyss:4:  hangedman_abyss_rune_macabre_mess
Abyss:5:  evilmike_abyss_exit_6, hangedman_elemental_corridor,
          due_evilmike_abyss_rune_seething_liches
Bailey:   bailey_axe_minmay_hex_keep, bailey
IceCv:    ice_cave_small_demon
WizLab:   wizlab_iskenderun

Skill      XL: |  1  2  3  4  5  6  7  8  9 10 11 12 13 14 15 16 17 18 19 20 21 22 23 24 |
---------------+-------------------------------------------------------------------------+-----
Short Blades   | 1 2 4 6 7 8 9 10 11 12 13 14 15 | 15.4
Long Blades    | 1 2 4 6 7 9 10 12 13 14 15 16 17 18 19 | 19.8
Maces & Flails | 1 2 4 6 7 8 9 10 11 12 13 14 15 | 15.4
Staves         | 1 2 4 6 7 8 9 10 11 12 13 14 15 | 15.4
Slings         | 1 2 4 6 7 8 9 10 11 12 13 14 15 | 15.4
Bows           | 1 2 4 6 7 8 9 10 11 12 13 14 15 | 15.4
Crossbows      | 1 2 4 6 7 8 9 10 11 12 13 14 15 | 15.4
Throwing       | 1 2 4 6 7 8 9 10 11 12 13 14 15 | 15.4
Dodging        | 1 2 4 6 7 8 9 10 11 12 13 14 15 | 15.4
Shields        | 1 2 4 6 7 8 9 10 11 12 13 14 15 | 15.4
Unarmed Combat | 1 2 4 6 7 8 9 10 11 12 13 14 15 | 15.4
Spellcasting   | 1 2 4 6 7 8 9 10 11 12 13 14 15 | 15.4
Conjurations   | 1 2 4 6 7 8 9 10 11 12 13 14 15 | 15.4
Hexes          | 1 2 4 6 7 8 9 10 11 12 13 14 15 | 15.4
Charms         | 1 2 4 6 7 8 9 10 11 12 13 14 15 | 15.4
Summonings     | 1 2 4 6 7 8 9 10 11 12 13 14 15 | 15.4
Necromancy     | 1 2 4 6 7 8 9 10 11 12 13 14 15 | 15.4
Translocations | 1 2 4 6 7 8 9 10 11 12 13 14 15 | 15.4
Transmutations | 1 2 4 6 7 8 9 10 11 12 13 14 15 | 15.4
Fire Magic     | 1 2 4 6 7 8 9 10 11 12 13 14 15 | 15.4
Ice Magic      | 1 2 4 6 7 8 9 10 11 12 13 14 15 | 15.4
Air Magic      | 1 2 4 6 7 8 9 10 11 12 13 14 15 | 15.4
Earth Magic    | 1 2 4 6 7 8 9 10 11 12 13 14 15 | 15.4
Poison Magic   | 1 2 4 6 7 8 9 10 11 12 13 14 15 16 17 18 | 18.0
Invocations    | 1 2 4 6 7 8 9 10 11 12 13 14 15 | 15.4
Polearms       | 3 4 5 7 8 9 10 11 12 13 14 15 | 15.6
Evocations     | 3 4 5 7 8 9 10 11 12 13 14 15 | 15.6
Fighting       | 5 6 8 9 10 11 12 13 14 15 16 | 16.0
Axes           | 5 6 8 9 10 11 12 13 14 15 16 17 18 | 18.9
Armour         | 5 6 8 9 10 11 12 13 14 15 16 17 | 17.5
Stealth        | 5 6 7 8 9 10 11 12 13 14 15 | 15.9

Action                   |  1- 3 |  4- 6 |  7- 9 | 10-12 | 13-15 | 16-18 | 19-21 | 22-24 || total
-------------------------+-------+-------+-------+-------+-------+-------+-------+-------++-------
Melee: Hand axe          |    76 |   137 |   239 |   166 |   452 |       |       |       ||  1070
       Bite              |     8 |    23 |    18 |    18 |   153 |   113 |   232 |   100 ||   665
       Mace              |       |    54 |       |       |       |       |       |       ||    54
       Punch             |       |       |     2 |     2 |     1 |       |       |       ||     5
       Trishula          |       |       |       |       |   972 |   955 |  2072 |   818 ||  4817
       Broad axe         |       |       |       |       |    23 |   374 |     2 |       ||   399
       Headbutt          |       |       |       |       |   152 |   116 |       |       ||   268
Throw: Throwing net      |       |       |       |       |       |       |       |     1 ||     1
 Cast: Apportation       |       |       |       |       |       |       |    10 |    60 ||    70
       Lee's Rapid Decon |       |       |       |       |       |       |     7 |       ||     7
       Blink             |       |       |       |       |       |       |       |     1 ||     1
Invok: Divine Shield     |       |       |       |       |    10 |    17 |    15 |       ||    42
       Summon Divine War |       |       |       |       |     7 |     7 |     5 |       ||    19
       Brand Weapon With |       |       |       |       |     1 |       |       |       ||     1
       Cleansing Flame   |       |       |       |       |       |    10 |       |    65 ||    75
Evoke: Wand              |       |     1 |     4 |     5 |    14 |     9 |     5 |     2 ||    40
       Lamp of fire      |       |       |       |     1 |     1 |     1 |     3 |     1 ||     7
       Phantom mirror    |       |       |       |       |       |       |     1 |       ||     1
       Lightning rod     |       |       |       |       |       |       |       |     4 ||     4
  Use: Potion            |     1 |     6 |     1 |     6 |       |     5 |     6 |     9 ||    34
       Scroll            |       |     3 |    10 |     6 |    12 |    17 |    12 |    19 ||    79
 Stab: Sleeping          |     1 |       |       |       |       |       |       |       ||     1
  Eat: Chunk             |       |     4 |     9 |       |    51 |     7 |       |     1 ||    72
       Fruit             |       |       |     6 |     5 |     3 |    11 |     7 |       ||    32
       Royal jelly       |       |       |       |       |     3 |     3 |     6 |     3 ||    15
       Meat ration       |       |       |       |       |       |     2 |       |       ||     2
       Bread ration      |       |       |       |       |       |       |     3 |     2 ||     5
Armor: Ring mail         |    47 |    68 |    44 |       |       |       |       |       ||   159
       Plate armour      |       |       |    21 |    83 |    67 |       |       |       ||   171
       Scale mail        |       |       |       |       |   276 |       |       |       ||   276
       Troll leather arm |       |       |       |       |     8 |       |       |       ||     8
       Chain mail        |       |       |       |       |    51 |   396 |   545 |   330 ||  1322
Dodge: Dodged            |    48 |   120 |   115 |    40 |   493 |   413 |   623 |   441 ||  2293
       Deflected         |       |       |       |       |     5 |    41 |    50 |     7 ||   103
Block: Buckler           |       |       |       |       |   379 |   648 |   779 |   378 ||  2184

Table legend:
 A = Spawn XP
 B = Non-spawn XP
 C = Spawn XP percentage of total XP
 D = Spawn monster count
 E = Non-spawn monster count
 F = Spawn count percentage of total count
 G = Total turns spent on level
                    A         B        C        D         E        F      G
               +---------+---------+-------+---------+---------+-------+---------
         Total |    9191 |  861564 |   1.1 |      18 |    1790 |   1.0 | 27883
               +---------+---------+-------+---------+---------+-------+---------
           D:1 |       0 |      69 |   0.0 |       0 |      32 |   0.0 |   461
           D:2 |       0 |     156 |   0.0 |       0 |      35 |   0.0 |   405
           D:3 |       0 |     101 |   0.0 |       0 |      18 |   0.0 |   502
           D:4 |       0 |      91 |   0.0 |       0 |      12 |   0.0 |   265
           D:5 |       0 |     378 |   0.0 |       0 |       8 |   0.0 |   686
           D:6 |       0 |     986 |   0.0 |       0 |      24 |   0.0 |   565
           D:7 |       0 |     504 |   0.0 |       0 |       8 |   0.0 |   774
           D:8 |       0 |    3167 |   0.0 |       0 |      24 |   0.0 |   688
           D:9 |       0 |    2643 |   0.0 |       0 |      14 |   0.0 |   637
          D:10 |       0 |    7011 |   0.0 |       0 |      52 |   0.0 |  1166
          D:11 |       0 |    5530 |   0.0 |       0 |      85 |   0.0 |   885
          D:12 |       0 |    1990 |   0.0 |       0 |      14 |   0.0 |   567
          D:13 |       0 |    8916 |   0.0 |       0 |      25 |   0.0 |   660
          D:14 |       0 |    5617 |   0.0 |       0 |      34 |   0.0 |   572
          D:15 |       0 |   18325 |   0.0 |       0 |      44 |   0.0 |   726
        Lair:1 |       0 |    1036 |   0.0 |       0 |       6 |   0.0 |   295
        Lair:2 |       0 |    4297 |   0.0 |       0 |      19 |   0.0 |   379
        Lair:3 |       0 |    4889 |   0.0 |       0 |      21 |   0.0 |   436
        Lair:4 |       0 |    5438 |   0.0 |       0 |      28 |   0.0 |   364
        Lair:5 |    1382 |    7112 |  16.3 |       1 |      28 |   3.4 |   367
        Lair:6 |       0 |   22842 |   0.0 |       0 |      63 |   0.0 |   962
       Swamp:1 |       0 |   14579 |   0.0 |       0 |      38 |   0.0 |   475
       Swamp:2 |       0 |    3458 |   0.0 |       0 |       8 |   0.0 |   236
       Swamp:3 |       0 |   21828 |   0.0 |       0 |      31 |   0.0 |   559
       Swamp:4 |       0 |   32913 |   0.0 |       0 |      67 |   0.0 |   568
       Snake:1 |       0 |   12063 |   0.0 |       0 |      26 |   0.0 |   432
       Snake:2 |       0 |   11912 |   0.0 |       0 |      23 |   0.0 |   431
       Snake:3 |       0 |   31733 |   0.0 |       0 |      51 |   0.0 |   782
       Snake:4 |       0 |   58189 |   0.0 |       0 |     103 |   0.0 |  1317
       Slime:1 |       0 |    5033 |   0.0 |       0 |       7 |   0.0 |    88
       Slime:2 |       0 |    3103 |   0.0 |       0 |       3 |   0.0 |    50
       Slime:3 |       0 |   18862 |   0.0 |       0 |      31 |   0.0 |   529
       Slime:4 |       0 |   11308 |   0.0 |       0 |      11 |   0.0 |   170
       Slime:5 |       0 |   37532 |   0.0 |       0 |      31 |   0.0 |   673
         Orc:1 |       0 |    4529 |   0.0 |       0 |      53 |   0.0 |   424
         Orc:2 |       0 |   13260 |   0.0 |       0 |      58 |   0.0 |   876
         Elf:1 |       0 |   18521 |   0.0 |       0 |      31 |   0.0 |   636
         Elf:2 |       0 |   18774 |   0.0 |       0 |      34 |   0.0 |   559
         Elf:3 |     568 |   62316 |   0.9 |       1 |      59 |   1.7 |  1460
      Vaults:1 |       0 |   36495 |   0.0 |       0 |      58 |   0.0 |   698
      Vaults:2 |       0 |   37303 |   0.0 |       0 |      35 |   0.0 |   408
       Crypt:1 |       0 |   13512 |   0.0 |       0 |      22 |   0.0 |   220
       Crypt:2 |       0 |   12706 |   0.0 |       0 |      27 |   0.0 |   438
       Crypt:3 |       0 |   58338 |   0.0 |       0 |      74 |   0.0 |   947
        Tomb:1 |       0 |   42738 |   0.0 |       0 |      34 |   0.0 |   333
        Tomb:2 |       0 |   18083 |   0.0 |       0 |      43 |   0.0 |   252
        Tomb:3 |       0 |  129124 |   0.0 |       0 |     112 |   0.0 |    69
       Abyss:5 |    7241 |    5633 |  56.2 |      16 |      14 |  53.3 |   140
        Bailey |       0 |    1420 |   0.0 |       0 |      64 |   0.0 |   559
         IceCv |       0 |    4305 |   0.0 |       0 |      26 |   0.0 |   766
        WizLab |       0 |   20896 |   0.0 |       0 |      22 |   0.0 |   403
               +---------+---------+-------+---------+---------+-------+---------
